NWL (28 & UNDER)
BALZAC RAMS @ SAN DIEGO SMASHERS
07/22/2029
 
TOP OF THE 1ST
Balzac Rams batting - Pitching for San Diego Smashers : RHP Alberto Reyes
Pitching: RHP Alberto Reyes
Batting: SHB Emílio Calvillo 0-0: Called Strike
0-1: Swinging Strike
0-2: Ball
1-2: Foul Ball, location: 2F
1-2: Foul Ball, location: 2F
1-2: Ball
2-2: Strikes out looking
Batting: RHB Santiago Rivera 0-0: Ball
1-0: Ball
2-0: Foul Ball, location: 2F
2-1: Swinging Strike
2-2: Ball
3-2: Ground out 6-3 (Groundball, 6)
Batting: RHB Ken Longoria 0-0: Foul Ball, location: 2F
0-1: SINGLE (Groundball, 34D)
Batting: RHB Gunner Allen 0-0: Fly out, F9 (Flyball, 9)
Top of the 1st over - 0 runs, 1 hit, 0 errors, 1 left on base; Balzac 0 - San Diego 0
BOTTOM OF THE 1ST
San Diego Smashers batting - Pitching for Balzac Rams : RHP Billy Jacobs
Pitching: RHP Billy Jacobs
Batting: RHB Manny Torrez 0-0: Swinging Strike
0-1: Ball
1-1: Swinging Strike
1-2: Ball
2-2: Strikes out looking
Batting: RHB Gustavo Torres 0-0: Swinging Strike
0-1: Called Strike
0-2: Strikes out swinging
Batting: LHB John White 0-0: Called Strike
0-1: Called Strike
0-2: Strikes out looking
Bottom of the 1st over - 0 runs, 0 hits, 0 errors, 0 left on base; Balzac 0 - San Diego 0
TOP OF THE 2ND
Balzac Rams batting - Pitching for San Diego Smashers : RHP Alberto Reyes
Batting: RHB Tommy Wilson 0-0: Fly out, F8 (Flyball, 8RS)
Batting: LHB Troy Jackson 0-0: Called Strike
0-1: SINGLE (Line Drive, 56D)
Batting: RHB Lorenzo Silva 0-0: Ball
1-0: Ball
2-0: Ball
3-0: Called Strike
3-1: Fielders Choice at 2nd, 4-6 (Groundball, 4M)
Batting: RHB Jason Ward 0-0: Called Strike
0-1: Fly out, F7 (Flyball, 78S)
Top of the 2nd over - 0 runs, 1 hit, 0 errors, 1 left on base; Balzac 0 - San Diego 0
BOTTOM OF THE 2ND
San Diego Smashers batting - Pitching for Balzac Rams : RHP Billy Jacobs
Batting: LHB Steven Smith 0-0: Ball
1-0: Called Strike
1-1: Ground out 5-3 (Groundball, 56)
Batting: RHB Gerald Davis 0-0: Hit by Pitch
Batting: LHB Richard Brooks 0-0: Ball
Gerald Davis steals 2nd base
1-0: Ball
2-0: Called Strike
2-1: Foul Ball, location: 2F
2-2: Foul Ball, location: 2F
2-2: Fly out, F3 (Popup, 3L)
Batting: RHB Ray Rogers 0-0: SINGLE (Line Drive, 56D)
Gerald Davis to third
Batting: SHB Michael Aisher 0-0: Foul Ball, location: 2F
0-1: Foul Ball, location: 2F
0-2: Ball
1-2: Foul Ball, location: 2F
1-2: Ball
2-2: Ground out U3 (Groundball, 3)
Bottom of the 2nd over - 0 runs, 1 hit, 0 errors, 2 left on base; Balzac 0 - San Diego 0
TOP OF THE 3RD
Balzac Rams batting - Pitching for San Diego Smashers : RHP Alberto Reyes
Batting: RHB Ricardo Muńóz 0-0: Ball
1-0: Foul Ball, location: 2F
1-1: Foul Ball, location: 2F
1-2: Strikes out swinging
Batting: SHB Emílio Calvillo 0-0: Ball
1-0: Fly out, F8 (Flyball, 8RM)
Batting: RHB Santiago Rivera 0-0: Foul Ball, location: 2F
0-1: Foul Ball, location: 2F
0-2: Fly out, F5 (Line Drive, 56S)
Top of the 3rd over - 0 runs, 0 hits, 0 errors, 0 left on base; Balzac 0 - San Diego 0
BOTTOM OF THE 3RD
San Diego Smashers batting - Pitching for Balzac Rams : RHP Billy Jacobs
Batting: LHB Nick Hill 0-0: Ball
1-0: SINGLE (Groundball, 56D)
Batting: RHB Manny Torrez 0-0: Fly out, F7 (Flyball, 7S)
Batting: RHB Gustavo Torres 0-0: Called Strike
0-1: Ball
1-1: DOUBLE (Flyball, 8RD)
Nick Hill to third
Batting: LHB John White 0-0: Ball
1-0: SINGLE (Line Drive, 34D)
Nick Hill scores
Gustavo Torres to third
Batting: LHB Steven Smith 0-0: Foul Ball, location: 2F
0-1: Ball
1-1: Called Strike
1-2: Foul Ball, location: 2F
1-2: Ball
2-2: Grounds into double play, 4-6-3 (Groundball, 34)
Bottom of the 3rd over - 1 run, 3 hits, 0 errors, 1 left on base; Balzac 0 - San Diego 1
TOP OF THE 4TH
Balzac Rams batting - Pitching for San Diego Smashers : RHP Alberto Reyes
Batting: RHB Ken Longoria 0-0: Ball
1-0: Foul Ball, location: 2F
1-1: Ball
2-1: Foul Ball, location: 2F
2-2: Strikes out swinging
Batting: RHB Gunner Allen 0-0: Foul Ball, location: 2F
0-1: Ball
1-1: SINGLE (Flyball, 8LS)
Batting: RHB Tommy Wilson 0-0: Ball
Gunner Allen is caught stealing 2nd base
1-0: Ball
2-0: Swinging Strike
2-1: Ball
3-1: Foul Ball, location: 2F
3-2: Fly out, F5 (Popup, 6S)
Top of the 4th over - 0 runs, 1 hit, 0 errors, 0 left on base; Balzac 0 - San Diego 1
BOTTOM OF THE 4TH
San Diego Smashers batting - Pitching for Balzac Rams : RHP Billy Jacobs
Batting: RHB Gerald Davis 0-0: Ball
1-0: Ground out 1-3 (Groundball, P)
Batting: LHB Richard Brooks 0-0: Ball
1-0: Ball
2-0: Ball
3-0: Base on Balls
Batting: RHB Ray Rogers 0-0: Ball
1-0: Ball
2-0: Ball
3-0: Base on Balls
Richard Brooks to second
Batting: SHB Michael Aisher 0-0: Ball
1-0: Ball
Wild Pitch!
Richard Brooks to third
Ray Rogers to second
2-0: Ball
3-0: Base on Balls
Batting: LHB Nick Hill 0-0: Called Strike
0-1: Swinging Strike
0-2: Strikes out swinging
Batting: RHB Manny Torrez 0-0: Ground out 4-3 (Groundball, 4M)
Bottom of the 4th over - 0 runs, 0 hits, 0 errors, 3 left on base; Balzac 0 - San Diego 1
TOP OF THE 5TH
Balzac Rams batting - Pitching for San Diego Smashers : RHP Alberto Reyes
Batting: LHB Troy Jackson 0-0: Called Strike
0-1: Ball
1-1: Ball
2-1: Fly out, F7 (Flyball, 78D)
Batting: RHB Lorenzo Silva 0-0: Ball
1-0: Ball
2-0: Foul Ball, location: 2F
2-1: Foul Ball, location: 2F
2-2: Foul Ball, location: 2F
2-2: Ball
3-2: SINGLE (Line Drive, 78S)
Batting: RHB Jason Ward 0-0: Called Strike
0-1: Ball
1-1: Foul Ball, location: 2F
1-2: Grounds into double play, 1-6-3 (Groundball, 13S)
Top of the 5th over - 0 runs, 1 hit, 0 errors, 0 left on base; Balzac 0 - San Diego 1
BOTTOM OF THE 5TH
San Diego Smashers batting - Pitching for Balzac Rams : RHP Billy Jacobs
Batting: RHB Gustavo Torres 0-0: Called Strike
0-1: Foul Ball, location: 2F
0-2: Ball
1-2: Foul Ball, location: 2F
1-2: Ground out 6-3 (Groundball, 6)
Batting: LHB John White 0-0: Hit by Pitch
Batting: LHB Steven Smith 0-0: Ball
1-0: Swinging Strike
1-1: Foul Ball, location: 2F
1-2: Foul Ball, location: 2F
1-2: Strikes out looking
Batting: RHB Gerald Davis 0-0: Foul Ball, location: 2F
0-1: Ground out 6-3 (Groundball, 6S)
Bottom of the 5th over - 0 runs, 0 hits, 0 errors, 1 left on base; Balzac 0 - San Diego 1
TOP OF THE 6TH
Balzac Rams batting - Pitching for San Diego Smashers : RHP Alberto Reyes
Batting: RHB Ricardo Muńóz 0-0: Ball
1-0: Ball
2-0: TRIPLE (Flyball, 9LD)
Batting: SHB Emílio Calvillo 0-0: Squeeze Bunt - play home, runner scores, batter safe!
Ricardo Muńóz scores
Batting: RHB Santiago Rivera 0-0: Ball
1-0: Ball
2-0: SINGLE (Groundball, 6MD)
Emílio Calvillo to second
Batting: RHB Ken Longoria 0-0: Called Strike
0-1: Ball
1-1: 3-RUN HOME RUN (Flyball, 78XD), Distance : 409 ft
Batting: RHB Gunner Allen 0-0: Fly out, F2 (Popup, 15S)
Batting: RHB Tommy Wilson 0-0: Ball
1-0: SINGLE (Flyball, 34D)
Batting: LHB Troy Jackson 0-0: Ball
1-0: Called Strike
1-1: Ball
2-1: Fly out, F7 (Flyball, 7)
Batting: RHB Lorenzo Silva 0-0: Called Strike
0-1: Ground out 3-1 (Groundball, 34S)
Top of the 6th over - 4 runs, 4 hits, 0 errors, 1 left on base; Balzac 4 - San Diego 1
BOTTOM OF THE 6TH
San Diego Smashers batting - Pitching for Balzac Rams : RHP Billy Jacobs
Batting: LHB Richard Brooks 0-0: Ball
1-0: Ball
2-0: Ball
3-0: Called Strike
3-1: Foul Ball, location: 2F
3-2: Base on Balls
Batting: RHB Ray Rogers 0-0: Ball
Richard Brooks steals 2nd base
1-0: Ball
2-0: Ball
3-0: Base on Balls
Batting: SHB Michael Aisher 0-0: Swinging Strike
0-1: Ball
1-1: Ball
2-1: Foul Ball, location: 2F
2-2: Ball
3-2: Strikes out swinging
Batting: LHB Nick Hill 0-0: Ball
1-0: Foul Ball, location: 2F
1-1: Swinging Strike
1-2: Ball
2-2: Ball
3-2: Base on Balls
Richard Brooks to third
Ray Rogers to second
Batting: RHB Manny Torrez 0-0: Ball
1-0: Called Strike
1-1: Foul Ball, location: 2F
1-2: Fly out, F4 (Popup, 4MD)
Batting: RHB Gustavo Torres 0-0: Ball
1-0: Ball
2-0: Called Strike
2-1: Foul Ball, location: 2F
2-2: SINGLE (Line Drive, 4M)
Richard Brooks scores
Ray Rogers to third
Nick Hill to second
Pitching: RHP Reid Mapstone
Batting: LHB John White 0-0: Ball
1-0: Ball
2-0: Called Strike
2-1: Ball
3-1: Called Strike
3-2: Foul Ball, location: 2F
3-2: Strikes out looking
Bottom of the 6th over - 1 run, 1 hit, 0 errors, 3 left on base; Balzac 4 - San Diego 2
TOP OF THE 7TH
Balzac Rams batting - Pitching for San Diego Smashers : RHP Alberto Reyes
Batting: RHB Jason Ward 0-0: Ball
1-0: Called Strike
1-1: Ball
2-1: Ball
3-1: Foul Ball, location: 2F
3-2: Strikes out swinging
Batting: RHB Ricardo Muńóz 0-0: Called Strike
0-1: Ball
1-1: Called Strike
1-2: Foul Ball, location: 2F
1-2: Ball
2-2: Foul Ball, location: 2F
2-2: Ball
3-2: Strikes out swinging
Batting: SHB Emílio Calvillo 0-0: Swinging Strike
0-1: Foul Ball, location: 2F
0-2: Reached via error on a dropped throw, E3
Pitching: RHP Andre Huff
Batting: RHB Santiago Rivera 0-0: Ball
1-0: Ball
2-0: Called Strike
2-1: Fielders Choice at 2nd, 6-4 (Groundball, 6)
Top of the 7th over - 0 runs, 0 hits, 1 error, 1 left on base; Balzac 4 - San Diego 2
BOTTOM OF THE 7TH
San Diego Smashers batting - Pitching for Balzac Rams : RHP Reid Mapstone
Batting: LHB Steven Smith 0-0: Foul Ball, location: 2F
0-1: SINGLE (Groundball, 34D)
Batting: RHB Gerald Davis 0-0: Called Strike
0-1: Called Strike
0-2: Foul Ball, location: 2F
0-2: Grounds into double play, 4-6-3 (Groundball, 4)
Batting: LHB Richard Brooks 0-0: Hit by Pitch
Batting: RHB Ray Rogers 0-0: Ball
1-0: Swinging Strike
1-1: Swinging Strike
1-2: Ball
2-2: Strikes out swinging
Bottom of the 7th over - 0 runs, 1 hit, 0 errors, 1 left on base; Balzac 4 - San Diego 2
TOP OF THE 8TH
Balzac Rams batting - Pitching for San Diego Smashers : RHP Andre Huff
Batting: RHB Ken Longoria 0-0: Called Strike
0-1: Ball
1-1: Foul Ball, location: 2F
1-2: Ball
2-2: Ball
3-2: Fly out, F7 (Flyball, 7D)
Batting: RHB Gunner Allen 0-0: Ball
1-0: Foul Ball, location: 2F
1-1: Ball
2-1: Ball
3-1: Base on Balls
Batting: RHB Tommy Wilson 0-0: Ball
Gunner Allen steals 2nd base
1-0: Intentional Walk
Pitching: LHP Alejandro Flores
Pinch Hitting: RHB Brian Parks 0-0: Foul Ball, location: 2F
0-1: SINGLE (Groundball, 34D)
Gunner Allen to third
Tommy Wilson to second
Runner from 3rd tries for Home, SAFE, throw made home
Pitching: LHP Mike Stevens
Batting: RHB Lorenzo Silva 0-0: Foul Ball, location: 2F
0-1: Called Strike
0-2: Ball
1-2: Strikes out swinging
Batting: RHB Jason Ward 0-0: Called Strike
0-1: Ball
1-1: DOUBLE (Flyball, 8LD)
Tommy Wilson scores
Brian Parks to third
Runner from 3rd tries for Home, SAFE, no throw
Batting: RHB Ricardo Muńóz 0-0: Foul Ball, location: 2F
0-1: Fly out, F9 (Flyball, 9S)
Top of the 8th over - 3 runs, 2 hits, 0 errors, 1 left on base; Balzac 7 - San Diego 2
BOTTOM OF THE 8TH
San Diego Smashers batting - Pitching for Balzac Rams : RHP Reid Mapstone
Now at 3B: Brian Parks
Batting: SHB Michael Aisher 0-0: Ball
1-0: SINGLE (Groundball, 34D)
Batting: LHB Nick Hill 0-0: Called Strike
0-1: Called Strike
0-2: Ball
1-2: Ball
2-2: Reached on error, E5 (Groundball, 56)
Michael Aisher to second
Batting: RHB Manny Torrez 0-0: Called Strike
0-1: Swinging Strike
0-2: Ball
1-2: Ball
2-2: Ball
3-2: Grounds into double play, 4-6-3 (Groundball, 4)
Michael Aisher to third
Batting: RHB Gustavo Torres 0-0: SINGLE (Groundball, 6MD)
Michael Aisher scores
Batting: LHB John White 0-0: Ball
1-0: Fly out, F7 (Line Drive, 78M)
Bottom of the 8th over - 1 run, 2 hits, 1 error, 1 left on base; Balzac 7 - San Diego 3
TOP OF THE 9TH
Balzac Rams batting - Pitching for San Diego Smashers : LHP Mike Stevens
Batting: SHB Emílio Calvillo 0-0: Called Strike
0-1: Swinging Strike
0-2: Foul Ball, location: 2F
0-2: Foul Ball, location: 2F
0-2: Foul Ball, location: 2F
0-2: Fly out, F8 (Flyball, 8LS)
Batting: RHB Santiago Rivera 0-0: Called Strike
0-1: Swinging Strike
0-2: Ground out U3 (Groundball, 23)
Batting: RHB Ken Longoria 0-0: Called Strike
0-1: Called Strike
0-2: Foul Ball, location: 2F
0-2: Strikes out swinging
Top of the 9th over - 0 runs, 0 hits, 0 errors, 0 left on base; Balzac 7 - San Diego 3
BOTTOM OF THE 9TH
San Diego Smashers batting - Pitching for Balzac Rams : RHP Reid Mapstone
Batting: LHB Steven Smith 0-0: Ball
1-0: Ground out U3 (Groundball, 34S)
Batting: RHB Gerald Davis 0-0: Swinging Strike
0-1: Ball
1-1: Ball
2-1: Ball
3-1: Swinging Strike
3-2: Fly out, F6 (Line Drive, 6M)
Batting: LHB Richard Brooks 0-0: Swinging Strike
0-1: Swinging Strike
0-2: Ground out 4-3 (Groundball, 4MS)
Bottom of the 9th over - 0 runs, 0 hits, 0 errors, 0 left on base; Balzac 7 - San Diego 3
Saturday, December 16th, 2017 - OOTP Baseball 18.8 Build 76